 Dungeon Crawl Stone Soup version 0.24-a0-493-g7e4ddcd485 (webtiles) character file.

Game seed: 17690978455767537495

12 Inarius the Chucker (level 2, -7/23 HPs)
             Began as a Demonspawn Hunter on July 12, 2019.
             Killed from afar by a hobgoblin (30 damage)
             ... with an exploding inner flame
             ... hexed by the player character
             ... on level 1 of the Dungeon.
             The game lasted 00:01:04 (527 turns).

Inarius the Chucker (Demonspawn Hunter)              Turns: 527, Time: 00:01:05

Health: -7/23      AC:  4    Str: 12    XL:     2   Next: 20%
Magic:  2/2        EV: 12    Int: 12    God:
Gold:   59         SH:  0    Dex: 13    Spells: 1/1 levels left

rFire    . . .     SeeInvis .   (no weapon)
rCold    . . .     Gourm    .   (no shield)
rNeg     . . .     Faith    .   b - +0 leather armour
rPois    .         Spirit   .   (no helmet)
rElec    .         Reflect  .   a - +0 cloak (curse)
rCorr    .         Harm     .   (no gloves)
MR       .....                  (no boots)
Stlth    +.........             (no amulet)
HPRegen  0.07/turn              (no ring)
MPRegen  0.08/turn              (no ring)

@: no status effects
A: claws 1
a: no special abilities


You were on level 1 of the Dungeon.
You were not hungry.

You visited 1 branch of the dungeon, and saw 1 of its levels.

You collected 59 gold pieces.

Inventory:

Missiles
 c - 6 javelins (quivered)
 d - 2 throwing nets
Armour
 a - a cursed +0 cloak (worn)
 b - a +0 leather armour (worn)
Jewellery
 j - an uncursed amulet of regeneration {unknown}
Scrolls
 h - a scroll of teleportation {unknown}
 i - a scroll of fear {unknown}
Comestibles
 f - a ration
 g - 3 chunks of flesh


   Skills:
 * Level 2.6 Fighting
 - Level 3.6 Throwing
 + Level 0.3 Armour
 + Level 2.0 Dodging
 - Level 0.8 Stealth


You had one spell level left.
You didn't know any spells.
Your spell library was empty.

Dungeon Overview and Level Annotations

Branches:
Dungeon (1/15)

Altars:
Nemelex Xobeh


Innate Abilities, Weirdness & Mutations

You have sharp fingernails.


Message History

As you read the scroll labeled WAISER SAWIFE, it crumbles to dust.
The creatures around you are filled with an inner flame!
It was a scroll of immolation.
The hobgoblin shouts!
Found a scroll labeled IGAOTIKA KELYSH.
Found a sparkling altar of Nemelex Xobeh.
The hobgoblin closely misses you.
Found a leather armour.
You closely miss the hobgoblin.
The hobgoblin hits you but does no damage.
You scratch the hobgoblin but do no damage.
The hobgoblin closely misses you.
You scratch the hobgoblin.
The hobgoblin is severely wounded.
The hobgoblin barely misses you.
You scratch the hobgoblin.
The hobgoblin explodes!
The fiery explosion engulfs you!!
Ouch! That really hurt!
You die...

#.. .# ###### #.# #.#
.....# #.# #[.#
####.##########.# ⌠.⌠#.
..............#.#
.._...
##...########.#?##.⌠.⌠
.#...#......#.#.#§§#..#
†)..............@§§...+
.#...#.#.#..#.#.#####.#
.#...#........#.#
.................
................##
...#.############
.....# ...### ...#


There were no monsters in sight!

Vanquished Creatures
  A bat (D:1)
  3 giant cockroaches (D:1)
  A goblin (D:1)
  A hobgoblin (D:1)
  3 kobolds (D:1)
  2 rats (D:1)
11 creatures vanquished.

Notes
Turn   | Place    | Note
-------+----------+-------------------------------------------
     0 | D:1      | Inarius the Demonspawn Hunter began the quest for the Orb.
     0 | D:1      | Reached XP level 1. HP: 16/16 MP: 1/1
   289 | D:1      | Gained mutation: You have sharp fingernails. [demonic
                  | ancestry]
   289 | D:1      | Reached XP level 2. HP: 22/23 MP: 2/2
   522 | D:1      | Found a sparkling altar of Nemelex Xobeh.
   527 | D:1      | Killed from afar by a hobgoblin

Levels and vault maps discovered:
D:1:      minmay_arrival_up_and_down, layout_basic,
          nemelex_xobeh_ov_fountains_minmay

Skill      XL: |  1 |
---------------+----+-----
Dodging        | 2 |  2.0
Fighting       | |  2.6
Throwing       | |  3.6
Armour         | |  0.3
Stealth        | |  0.8

Action                   || total
-------------------------++-------
Melee: Short sword       ||    33
       Unarmed           ||    22
Throw: Javelin           ||     2
  Use: Scroll            ||     1
 Stab: Sleeping          ||     1
Armor: Leather armour    ||    17
Dodge: Dodged            ||    48

Table legend:
 A = Non-vault XP
 B = Vault XP
 C = Vault XP percentage of total XP
 D = Non-vault monster count
 E = Vault monster count
 F = Vault count percentage of total count
                 A         B        C        D         E       F
            +---------+---------+-------+---------+---------+-------
      Total |      18 |       0 |   0.0 |      11 |       0 |   0.0
            +---------+---------+-------+---------+---------+-------
        D:1 |      18 |       0 |   0.0 |      11 |       0 |   0.0
            +---------+---------+-------+---------+---------+-------
